 Dungeon Crawl Stone Soup version 0.27-a0-95-g5a9077b8ae (webtiles) character file.

Game seed: 17512187453924716026

6573 sasd the Basher (level 11, -6/68 HPs)
             Began as a Gargoyle Fighter on Dec 29, 2020.
             Was a High Priest of Uskayaw.
             Killed from afar by an ice dragon (39 damage)
             ... with a blast of cold
             ... on level 1 of the Lair of Beasts on Jan 18, 2021.
             The game lasted 01:16:00 (13715 turns).

sasd the Basher (Gargoyle Fighter)                 Turns: 13715, Time: 01:16:00

Health: -6/68      AC: 33    Str: 23    XL:     11   Next: 1%
Magic:  7/11       EV:  7    Int: 15    God:    Uskayaw [*****.]
Gold:   298        SH: 11    Dex:  9    Spells: 10/10 levels left

rFire    + . .     SeeInvis .   a - +1 flail
rCold    . . .     Faith    .   c - +0 kite shield
rNeg     + . .     Spirit   .   y - +1 plate armour
rPois    ∞         Reflect  .   r - +0 helmet
rElec    +         Harm     .   q - +0 cloak
rCorr    .         Rampage  .   E - +2 pair of gloves of the Volcano {rF+}
Will     .....     Clarity  +   (no boots)
Stlth    ..........             (no amulet)
HPRegen  0.21/turn              h - +6 ring of intelligence
MPRegen  0.12/turn              v - +4 ring of protection

@: no status effects
A: clarity, negative energy resistance 1, electricity resistance, unbreathing,
petrification resistance, miasma immunity, sturdy frame 1, AC +8
a: Renounce Religion, Stomp, Line Pass, Grand Finale


You were on level 1 of the Lair of Beasts.
You worshipped Uskayaw.
Uskayaw was noncommittal.
You visited 3 branches of the dungeon, and saw 13 of its levels.

You collected 628 gold pieces.
You spent 330 gold pieces at shops.

Inventory:

Hand Weapons
 a - a +1 flail (weapon)
 p - a +2 quarterstaff of chaos
 u - a +2 antimagic dagger
 H - the +8 dagger of the Abyss {vamp, rF+ Str+2, unknown}
   (You found it on level 6 of the Dungeon)

   It inflicts no extra harm, but heals its wielder when it wounds a living foe.
   It affects your strength (+2).
   It protects you from fire.
 L - a +0 quarterstaff
Armour
 b - a +0 scale mail
 c - a +0 kite shield (worn)
 q - a +0 cloak (worn)
 r - a +0 helmet (worn)
 w - a +0 scale mail
 y - a +1 plate armour (worn)
 E - the +2 pair of gloves of the Volcano (worn) {rF+}
   (You bought it in a shop on level 5 of the Dungeon)

   It protects you from fire.
 F - a +0 kite shield
 K - a +0 pair of gloves
Jewellery
 h - a +6 ring of intelligence (left hand)
 v - a +4 ring of protection (right hand)
Wands
 n - a wand of random effects (66)
 C - a wand of flame (41)
 G - a wand of iceblast (13)
Scrolls
 g - a scroll of blinking
 i - 12 scrolls of identify
 k - 7 scrolls of remove curse
 o - a scroll of enchant armour
 t - 2 scrolls of teleportation
 J - 2 scrolls of magic mapping
Potions
 d - 2 potions of might
 e - 5 potions of curing
 f - 2 potions of heal wounds
 j - a potion of mutation
 l - 2 potions of haste
 m - 3 potions of lignification
 s - a potion of degeneration {unknown}


   Skills:
 + Level 7.8 Fighting
 + Level 10.1 Maces & Flails
 + Level 8.5 Armour
 - Level 2.6 Dodging
 - Level 1.0 Stealth
 + Level 9.5 Shields


You had 10 spell levels left.
You didn't know any spells.
Your spell library contained the following spells:

 Spells                   Type           Power        Failure   Level
 Corona                   Hex            0%           99%         1
 Magic Dart               Conj           0%           99%         1
 Blink                    Tloc           N/A          100%        2
 Call Imp                 Summ           0%           100%        2
 Ensorcelled Hibernation  Hex/Ice        0%           100%        2
 Slow                     Hex            0%           100%        2
 Confusing Touch          Hex            0%           100%        3
 Conjure Flame            Conj/Fire      0%           100%        3
 Dazzling Flash           Conj/Hex       0%           100%        3
 Mephitic Cloud           Conj/Pois/Air  0%           100%        3
 Tukima's Dance           Hex            0%           100%        3


Dungeon Overview and Level Annotations

Branches:
Dungeon (10/15)            Temple (1/1) D:7            Lair (2/6) D:9
  Swamp: Lair:2-4    Shoals: Lair:2-4     Snake: Lair:2-4    Spider: Lair:2-4
    Orc: D:9-12

Altars:
Ashenzari
Cheibriados
Dithmenos
Elyvilon
Fedhas
Gozag
Hepliaklqana
Kikubaaqudgha
Makhleb
Nemelex Xobeh
Okawaru
Qazlal
Ru
Sif Muna
Trog
Uskayaw
Vehumet
Wu Jian
Xom
Yredelemnul
Zin
The Shining One

Shops:
D:5 [   D:8 *


Innate Abilities, Weirdness & Mutations

You are resistant to torment.
Your stone body is resilient. (AC +8)
You are immune to poison.
You resist negative energy. (rN+)
You are resistant to electric shocks. (rElec)
You can survive without breathing.
You are immune to petrification.
You are immune to miasma.
You possess an exceptional clarity of mind.
Your movements are slightly less encumbered by armour. (ER -2)


Message History

You block the ice dragon's attack.
Uskayaw prepares the audience for your solo!
The helpless ice dragon fails to defend itself.
You sock the ice dragon!
The ice dragon is moderately wounded.
The ice dragon is no longer paralysed.
The ice dragon bites you but does no damage.
You block the ice dragon's attack. The ice dragon tramples you.
You stumble backwards!
You hit the ice dragon.
The ice dragon is moderately wounded.
The wolf is no longer paralysed.
The ice dragon bites you but does no damage.
You block the ice dragon's attack. The ice dragon barely misses you.
You hit the ice dragon.
The ice dragon is moderately wounded.
The ice dragon breathes frost at you. The blast of cold hits you!!!
Ouch! That really hurt!
You die...

#######.#####..#####
#.#####..P#
#....##..##
####.##..P# ###
##.##..##### ≈...###
#..##.......
.......##
######.########P#
.)......#####......#
#
≈.........hD@.######
≈.........#####
≈≈......###
≈≈≈....## ≈≈≈..##
#####


You could see an ice dragon (catching breath) and a wolf.

Vanquished Creatures
  2 black mambas (Lair:1)
  Maurice (D:8)
  4 cane toads (Lair:1)
  A hornet (D:9)
  Eustachio (D:6)
  Menkaure (D:6)
  3 water moccasins
  Duvessa (D:5)
  An orc warrior (D:8)
  A sky beast (D:5)
  A black bear (D:8)
  5 phantoms
  6 ogres
  7 wolves (Lair:1)
  2 centaurs (D:7)
  A big kobold (D:9)
  5 bullfrogs
  Dowan (D:5)
  2 scorpions
  A water moccasin skeleton (D:6)
  A crimson imp (D:7)
  A centaur zombie (D:5)
  3 hounds
  7 orc wizards
  3 orc priests
  Crazy Yiuf (D:2)
  A centaur skeleton (D:7)
  Terence (D:3)
  3 iguanas
  Natasha (twice) (D:2)
  9 worker ants
  A mummy (D:4)
  15 adders
  A shadow imp (D:6)
  3 white imps
  3 oozes
  An adder skeleton (D:5)
  4 worms
  6 leopard geckos
  32 orcs
  6 giant cockroaches
  8 goblins
  9 hobgoblins
  15 jackals
  A quokka (D:6)
  A ball python (D:4)
  6 bats
  6 frilled lizards
  A goblin zombie (D:4)
  A jackal zombie (D:6)
  10 kobolds
  An orc zombie (D:4)
  6 rats
216 creatures vanquished.

Vanquished Creatures (others)
  A plant (Lair:1)
1 creature vanquished.

Grand Total: 217 creatures vanquished

Notes
Turn   | Place    | Note
-------+----------+-------------------------------------------
     0 | D:1      | sasd the Gargoyle Fighter began the quest for the Orb.
     0 | D:1      | Reached XP level 1. HP: 14/14 MP: 1/1
    82 | D:1      | Reached XP level 2. HP: 19/19 MP: 2/2
   228 | D:1      | Found a sparkling altar of Nemelex Xobeh.
   317 | D:1      | Reached XP level 3. HP: 23/23 MP: 3/3
   747 | D:2      | Reached XP level 4. HP: 21/28 MP: 4/4
  1009 | D:2      | Reached skill level 3 in Maces & Flails
  1450 | D:2      | Found a runed translucent door.
  1451 | D:2      | Noticed Crazy Yiuf
  1457 | D:2      | Killed Crazy Yiuf
  1458 | D:2      | Reached XP level 5. HP: 16/33 MP: 5/5
  1840 | D:2      | Noticed Natasha
  1858 | D:2      | Killed Natasha
  1859 | D:2      | Reached skill level 1 in Dodging
  2075 | D:2      | Noticed an ogre
  2329 | D:2      | Killed an ogre
  2330 | D:2      | Reached XP level 6. HP: 38/38 MP: 6/6
  2338 | D:2      | Noticed Natasha
  2349 | D:2      | Killed Natasha
  2521 | D:3      | Reached skill level 4 in Maces & Flails
  2915 | D:3      | Noticed Terence
  2930 | D:3      | Killed Terence
  3112 | D:3      | Reached skill level 5 in Shields
  3112 | D:3      | Reached XP level 7. HP: 7/43 MP: 7/7
  4383 | D:4      | Reached skill level 5 in Maces & Flails
  4495 | D:4      | Found a hide-covered altar of Uskayaw.
  4647 | D:5      | Entered Level 5 of the Dungeon
  4712 | D:4      | Reached skill level 5 in Armour
  4712 | D:4      | Reached XP level 8. HP: 31/48 MP: 8/8
  4727 | D:4      | Became a worshipper of Uskayaw the Reveller
  4744 | D:4      | Reached * piety under Uskayaw
  4776 | D:4      | Got a steaming leather armour
  4952 | D:4      | Reached skill level 6 in Maces & Flails
  4967 | D:4      | Found an ancient bone altar of Kikubaaqudgha.
  4978 | D:4      | Found an ornate altar of the Wu Jian Council.
  4985 | D:4      | Found a snail-covered altar of Cheibriados.
  5428 | D:6      | Noticed Duvessa
  5433 | D:6      | Reached ** piety under Uskayaw
  5434 | D:6      | Noticed Dowan
  5452 | D:5      | Killed Duvessa
  5452 | D:5      | Reached *** piety under Uskayaw
  5454 | D:5      | Killed Dowan
  5455 | D:5      | Reached skill level 5 in Fighting
  5965 | D:5      | Reached skill level 7 in Maces & Flails
  6020 | D:5      | Found Zoffourgh's Armour Emporium.
  6044 | D:5      | Bought the +2 pair of gloves of the Volcano {rF+} for 285
                  | gold pieces
  6044 | D:5      | Bought a +0 kite shield for 45 gold pieces
  6291 | D:6      | Reached XP level 9. HP: 52/54 MP: 9/9
  6294 | D:6      | Noticed Eustachio
  6446 | D:6      | Killed Eustachio
  6536 | D:6      | Got a transparent dagger
  6664 | D:6      | Reached skill level 8 in Maces & Flails
  6689 | D:6      | Noticed Menkaure
  6701 | D:6      | Killed Menkaure
  7991 | D:7      | Reached skill level 9 in Maces & Flails
  7997 | D:7      | Found a staircase to the Ecumenical Temple.
  8025 | Temple   | Entered the Ecumenical Temple
 11247 | D:7      | Gained mutation: Your movements are slightly less
                  | encumbered by armour. (ER -2) [potion of mutation]
 11247 | D:7      | Gained mutation: You possess an exceptional clarity of
                  | mind. [potion of mutation]
 11649 | D:8      | Noticed Maurice
 11654 | D:8      | Paralysed by Maurice for 6 turns
 11664 | D:8      | Paralysed by something for 6 turns
 11674 | D:8      | Paralysed by something for 3 turns
 11738 | D:8      | Killed Maurice
 11739 | D:8      | Reached skill level 1 in Stealth
 11860 | D:8      | Upgraded the game from 0.26-a0-1205-g4083c211ab to
                  | 0.27-a0-95-g5a9077b8ae
 11871 | D:8      | Reached XP level 10. HP: 60/60 MP: 10/10
 12054 | D:8      | Found a basalt altar of Yredelemnul.
 12056 | D:8      | Noticed a profane servitor
 12098 | D:8      | Found a glowing golden altar of the Shining One.
 12100 | D:8      | Noticed an angel
 12426 | D:8      | Found Imne's Serpentskin Sales.
 12983 | D:10     | Entered Level 10 of the Dungeon
 13023 | D:9      | Found a staircase to the Lair.
 13035 | Lair:1   | Entered Level 1 of the Lair of Beasts
 13041 | Lair:1   | Noticed a black mamba
 13054 | Lair:1   | Killed a black mamba
 13086 | Lair:1   | Noticed a cane toad
 13101 | Lair:1   | Killed a cane toad
 13207 | Lair:1   | Noticed a cane toad
 13207 | Lair:1   | Noticed a cane toad
 13240 | Lair:1   | Killed a cane toad
 13264 | Lair:1   | Killed a cane toad
 13264 | Lair:1   | Reached **** piety under Uskayaw
 13662 | Lair:1   | Noticed a cane toad
 13666 | Lair:1   | Noticed an ice dragon
 13666 | Lair:1   | Noticed a black mamba
 13677 | Lair:1   | Reached skill level 10 in Maces & Flails
 13697 | Lair:1   | Killed a black mamba
 13707 | Lair:1   | Killed a cane toad
 13707 | Lair:1   | Reached ***** piety under Uskayaw
 13708 | Lair:1   | Reached XP level 11. HP: 34/68 MP: 6/11
 13715 | Lair:1   | Killed from afar by an ice dragon

Illustrated notes

Levels and vault maps discovered:
D:1:      onia_arrival_pentagram, layout_rooms, dk_noncrumbling_3,
          nemelex_xobeh_ov_fountains_minmay
D:2:      minmay_evil_eye, layout_basic, minmay_tromino_v4_b, uniq_natasha,
          uniq_crazy_yiuf_cottage
D:3:      layout_basic, minmay_misc_feat_ornament, minmay_statues_item,
          uniq_terence
D:4:      minmay_diamond_boxcup, layout_loops_corners, old_standard_altar,
          grunt_temple_overflow_diamond, nicolae_ossuary_entry_giza
D:5:      layout_basic, kennysheep_small_circle
D:6:      layout_basic, minmay_crystal_room, nrook_pool_corridor, st_stairs_9,
          uniq_menkaure, uniq_eustachio, uniq_duvessa
D:7:      layout_loops_cross, minmay_temple_entry_glass, minmay_fire_ice_demons
D:8:      layout_basic, grunt_temple_overflow_holy_war, guppyfry_shop_venom,
          uniq_maurice
D:9:      layout_roguey, lair_entry_dummy, basic_altar, grunt_ministairs_8,
          uniq_joseph, uniq_psyche
D:10:     layout_roguey [special_room_kobold], minmay_shattered_shrine,
          uniq_harold, uniq_sonja, uniq_erolcha
Temple:   regret_index_temple_sphere_string
Lair:1:   dragon1_lemuel, layout_chaotic_city, nicolae_volcano_entry_s_turn,
          lemuel_fruit_tree, grunt_megastairs_5
Lair:2:   layout_cave_pods, st_stairs_4, serial_bayou_shore_a

Skill      XL: |  1  2  3  4  5  6  7  8  9 10 |
---------------+-------------------------------+-----
Armour         | 4 5 6 8 |  8.5
Maces & Flails | 3 4 5 7 9 10 | 10.1
Shields        | 4 5 6 8 9 |  9.5
Dodging        | 1 2 |  2.6
Fighting       | 4 5 7 |  7.8
Stealth        | 1 |  1.0

Action                   |  1- 3 |  4- 6 |  7- 9 | 10-12 || total
-------------------------+-------+-------+-------+-------++-------
Melee: Flail             |   124 |   208 |   653 |   269 ||  1254
Invok: Stomp             |       |       |     3 |     9 ||    12
       Line Pass         |       |       |     3 |     4 ||     7
Evoke: Wand              |       |       |     1 |       ||     1
  Use: Scroll            |       |     5 |     8 |       ||    13
       Potion            |       |       |    11 |       ||    11
 Stab: Paralysed         |       |       |     1 |     4 ||     5
Armor: Scale mail        |   103 |    76 |    59 |       ||   238
       Plate armour      |       |       |   436 |   218 ||   654
Dodge: Dodged            |    64 |    52 |   179 |    96 ||   391
Block: Kite shield       |    94 |   103 |   342 |   205 ||   744

Table legend: (Time is in decaauts)
 A = Elapsed time spent in this place.
 B = Non-inter-level travel time spent in this place.
 C = Inter-level travel time spent in this place.
 D = Time resting spent in this place.
 E = Time spent auto-exploring this place.
 F = Levels seen in this place.
 G = Mean time per level.
                   A        B        C        D        E       F      G
               +--------+--------+--------+--------+--------+-----+--------+
         Total |  13945 |  13903 |     42 |   3499 |   2420 |  13 | 1072.7 |
       Dungeon |  13029 |  12987 |     42 |   3499 |   2225 |  10 | 1302.9 |
        Temple |    243 |    243 |      0 |      0 |    157 |   1 |  243.0 |
          Lair |    672 |    672 |      0 |      0 |     38 |   2 |  336.0 |
               +--------+--------+--------+--------+--------+-----+--------+

Top non-repeatable levels by time:
     D:7: 3971 daAuts
     D:2: 1772 daAuts
     D:3: 1432 daAuts
     D:4: 1320 daAuts
     D:6: 1249 daAuts
     D:8: 1144 daAuts
     D:1: 998 daAuts
     D:5: 873 daAuts
  Lair:1: 636 daAuts
     D:9: 267 daAuts
  Temple: 243 daAuts
  Lair:2: 35 daAuts
    D:10: 1 daAuts
